Islanders vs Canadiens

Created - 6 novembre 2020 at 22:12

Goals
1 2 3 T
Islanders 1 1 0 2
Canadiens 2 1 0 3
Shots
1 2 3 T
Islanders 6 7 10 23
Canadiens 16 11 8 35

1st period

1. Canadiens , Colin White 1 (Valeri Nichushkin 1, Artturi Lehkonen 1) at 3:38
2. Islanders , Elias Pettersson 3 (Andrei Svechnikov 5, Nick Holden 1) at 5:51 (PP)
3. Canadiens , Josh Morrissey 1 (Valeri Nichushkin 2, Ivan Provorov 2) at 14:25

Penalties :
Andrei Svechnikov (NYI) for Charging (Minor) at 0:13, Tyler Myers (NYI) for Interference (Minor) at 1:12, Cam Fowler (MTL) for Interference (Minor) at 4:49, Anthony DeAngelo (NYI) for Slashing (Minor) at 16:04, Ivan Provorov (MTL) for Roughing (Minor) at 19:52

2nd period

4. Canadiens , Teuvo Teravainen 2 (Cam Fowler 2, Josh Morrissey 3) at 1:16
5. Islanders , Brad Marchand 4 (Elias Pettersson 4, Tyler Myers 1) at 19:56

Penalties :
Richard Panik (NYI) for Roughing (Minor) at 0:20, Colin White (MTL) for Hooking (Minor) at 8:18

3rd period

No Goal

Penalties :
Karl Alzner (MTL) for High sticking (Minor) at 6:49, Travis Dermott (NYI) for Unsportsmanlike conduct (Major / Game Misconduct) at 15:39

Goalie Stats

Mikko Koskinen (NYI), 32 saves from 35 shots - (0,914), L, 1-3-1, 60:00 minutes
Tuukka Rask (MTL), 21 saves from 23 shots - (0,913), W, 1-1-0, 60:00 minutes

Players Stats for Islanders

Player Name              G  A  P  +/- PIM S  H  SB GA TA FO     MP     PP MP  PK MP  
------------------------------------------------------------------------------------
Andrei Svechnikov        0  1  1   0  2   3  3  0  0  0  0/3    18:45   2:13   0:00 
Anthony Cirelli          0  0  0   0  0   3  3  0  0  0  12/26  19:50   3:15   3:32 
Anthony DeAngelo         0  0  0  -2  2   2  1  0  0  0  0/0    21:00   3:27   3:37 
Austin Czarnik           0  0  0   0  0   1  0  1  0  0  0/0     6:46   0:40   0:16 
Blake Lizotte            0  0  0   0  0   0  0  0  0  0  0/0    12:45   0:00   0:17 
Brad Marchand            1  0  1   1  0   2  4  1  0  0  3/9    22:46   2:13   4:56 
Colton Sceviour          0  0  0  -2  0   0  0  0  0  0  2/4     9:21   0:00   0:00 
Dennis Cholowski         0  0  0  -1  0   1  0  1  0  0  0/0    14:13   0:00   0:16 
Elias Pettersson         1  1  2   0  0   1  1  0  0  0  7/30   23:44   2:13   4:58 
Isac Lundestrom          0  0  0   0  0   1  0  0  0  0  5/11    5:50   0:00   0:00 
Jordan Greenway          0  0  0  -2  0   0  2  0  0  0  0/3     9:21   0:00   0:00 
Neal Pionk               0  0  0   1  0   2  2  0  0  0  0/0    25:35   3:27   5:15 
Nick Holden              0  1  1  -2  0   0  2  0  0  0  0/0    20:57   2:01   4:59 
Richard Panik            0  0  0  -2  2   1  0  0  0  0  2/2    12:43   2:34   0:48 
Sam Steel                0  0  0   0  0   1  0  0  0  0  0/0     5:50   0:00   0:00 
Timo Meier               0  0  0   0  0   3  4  0  0  0  0/2    20:17   3:15   3:59 
Travis Dermott           0  0  0  -1  15  0  4  2  0  0  0/0    15:40   0:00   1:44 
Tyler Myers              0  1  1   1  2   2  1  1  0  0  0/0    22:16   2:01   3:22 

Players Stats for Canadiens

Player Name              G  A  P  +/- PIM S  H  SB GA TA FO     MP     PP MP  PK MP  
------------------------------------------------------------------------------------
Artturi Lehkonen         0  1  1   2  0   1  1  0  0  0  1/3    10:45   0:00   1:25 
Auston Matthews          0  0  0   1  0   2  0  0  0  0  21/33  20:00   4:45   0:13 
Cam Fowler               0  1  1   1  2   4  2  3  0  0  0/0    24:40   4:53   2:41 
Colin White              1  0  1   2  2   4  1  0  0  0  8/11    9:19   0:00   0:00 
Danny DeKeyser           0  0  0   1  0   0  0  2  0  0  0/0    14:42   0:28   3:00 
David Krejci             0  0  0  -1  0   0  1  0  0  0  20/30  20:24   5:00   0:00 
Ilya Kovalchuk           0  0  0  -1  0   3  1  0  0  0  0/0    19:49   5:00   0:00 
Ivan Provorov            0  1  1   0  2   3  2  0  0  0  0/0    24:18   4:52   3:01 
Jakob Silfverberg        0  0  0  -1  0   3  0  1  0  0  0/0    21:01   5:00   1:12 
Josh Morrissey           1  1  2   1  0   1  1  2  0  0  0/0    23:04   4:24   0:43 
Karl Alzner              0  0  0   1  2   0  2  0  0  0  0/0    12:44   0:00   1:31 
Loui Eriksson            0  0  0   0  0   0  0  0  0  0  0/0     9:04   0:00   4:03 
Nate Schmidt             0  0  0   0  0   0  1  1  0  0  0/0    20:29   4:53   0:00 
Nick Shore               0  0  0   0  0   0  2  0  0  0  9/12    9:04   0:00   4:03 
Patrick Kane             0  0  0   0  0   6  0  0  0  0  0/1    19:26   4:45   0:00 
Teuvo Teravainen         1  0  1   1  0   5  1  0  0  0  0/0    19:47   4:45   0:00 
Tyson Jost               0  0  0   0  0   0  1  0  0  0  0/0     5:01   0:00   0:00 
Valeri Nichushkin        0  2  2   2  0   3  0  0  0  0  0/0     9:20   0:00   0:00 

3 Stars

1 - Josh Morrissey (MTL)
2 - Brad Marchand (NYI)
3 - Valeri Nichushkin (MTL)

Power Play

Islanders - 1 on 4 Attempt(s) - 25,00%
Canadiens - 0 on 5 Attempt(s) - 0,00%

Penalty Kill

Islanders - 5 on 5 Attempt(s) - 100,00% - Score 0 goal in Penalty Kill
Canadiens - 3 on 4 Attempt(s) - 75,00% - Score 0 goal in Penalty Kill

Team Stat

Islanders - Hits : 27 - Faceoff Wins : 31 - Blocked Shots : 6 - Penalty Minutes : 23
Canadiens - Hits : 16 - Faceoff Wins : 59 - Blocked Shots : 9 - Penalty Minutes : 8

Official

Referees : Adam Bloski and Francis Charron
Linesman : Kory Nagy and Ryan Gibbons

Game Notes

Travis Dermott ejected from game at 15:39 of 3rd period

Finance

Level 1 -- Attendance: 6288 (96,74%) -- Ticket Income 754 560 $
Level 2 -- Attendance: 3312 (66,24%) -- Ticket Income 364 320 $
Level 3 -- Attendance: 1881 (53,74%) -- Ticket Income 188 100 $
Level 4 -- Attendance: 1238 (23,42%) -- Ticket Income 111 420 $
Luxury Box -- Attendance: 626 (62,60%) -- Ticket Income 212 840 $
Game was played at the Bell Centre.
Total Attendance: 13345 (62,69%)
Total Ticket Income: 1 631 240 $
Other Income: 799 308 $
Total Income: 2 430 548 $

% Time on Ice - Islanders

Lines # - Real PCT - Wanted PCT - Time Play
Normal Forward
1 - 36% - 40% - 15:37
2 - 29% - 30% - 12:28
3 - 22% - 20% - 9:21
4 - 13% - 10% - 5:50
Normal Defense
1 - 37% - 40% - 15:52
2 - 31% - 30% - 13:27
3 - 32% - 20% - 13:57
4 - 0% - 10% - 0:00
PP Forward
1 - 41% - 60% - 2:13
2 - 59% - 40% - 3:15
PP Defense
1 - 63% - 60% - 3:27
2 - 37% - 40% - 2:01
PK Forward
1 - 63% - 60% - 5:29
2 - 37% - 40% - 3:16
PK Defense
1 - 50% - 60% - 4:23
2 - 50% - 40% - 4:22
PK3 Forward
1 - 72% - 60% - 0:43
2 - 28% - 40% - 0:17
PK3 Defense
1 - 38% - 60% - 0:23
2 - 62% - 40% - 0:37
44 Forward
1 - 62% - 60% - 0:56
2 - 38% - 40% - 0:35
44 Defense
1 - 67% - 60% - 1:01
2 - 33% - 40% - 0:30
Last Minute Offensive  - 0:00
Last Minute Defensive  - 0:00
Total
Forward - 60:00
Defense - 60:00

% Time on Ice - Canadiens

Lines # - Real PCT - Wanted PCT - Time Play
Normal Forward
1 - 33% - 35% - 14:06
2 - 34% - 35% - 14:49
3 - 22% - 20% - 9:20
4 - 12% - 10% - 5:01
Normal Defense
1 - 38% - 38% - 16:26
2 - 36% - 37% - 15:36
3 - 15% - 15% - 6:20
4 - 11% - 10% - 4:54
PP Forward
1 - 49% - 50% - 4:45
2 - 51% - 50% - 5:00
PP Defense
1 - 50% - 50% - 4:52
2 - 50% - 50% - 4:53
PK Forward
1 - 78% - 60% - 4:16
2 - 22% - 40% - 1:12
PK Defense
1 - 57% - 50% - 3:07
2 - 43% - 50% - 2:21
PK3 Forward
1 - 0% - 60%
2 - 0% - 40%
PK3 Defense
1 - 0% - 50%
2 - 0% - 50%
44 Forward
1 - 62% - 60% - 0:56
2 - 38% - 40% - 0:35
44 Defense
1 - 100% - 50% - 1:31
2 - 0% - 50% - 0:00
Last Minute Offensive  - 0:00
Last Minute Defensive  - 0:00
Total
Forward - 60:00
Defense - 60:00

Play-by-Play

1st period


0:01 of 1st period - Auston Matthews wins face-off versus Elias Pettersson in neutral zone.
0:01 of 1st period - Teuvo Teravainen is hit by Andrei Svechnikov and loses puck.
0:08 of 1st period - Shot by Neal Pionk.
0:08 of 1st period - Shot Hit the Post.
0:13 of 1st period - Minor Penalty to Andrei Svechnikov for Charging.
0:14 of 1st period - David Krejci wins face-off versus Brad Marchand in Islanders zone.
0:24 of 1st period - Icing by Cam Fowler.
0:25 of 1st period - Anthony Cirelli wins face-off versus David Krejci in Canadiens zone.
0:50 of 1st period - Shot by Cam Fowler.
0:50 of 1st period - Stopped by Mikko Koskinen without a rebound.
0:51 of 1st period - Brad Marchand wins face-off versus Auston Matthews in Islanders zone.
1:04 of 1st period - Shot by Ivan Provorov.
1:04 of 1st period - Stopped by Mikko Koskinen without a rebound.
1:05 of 1st period - Auston Matthews wins face-off versus Brad Marchand in Islanders zone.
1:11 of 1st period - Patrick Kane is hit by Neal Pionk.
1:12 of 1st period - Minor Penalty to Tyler Myers for Interference.
1:13 of 1st period - David Krejci wins face-off versus Timo Meier in Islanders zone.
1:40 of 1st period - Shot by Timo Meier.
1:40 of 1st period - Stopped by Tuukka Rask without a rebound.
1:41 of 1st period - Elias Pettersson wins face-off versus Auston Matthews in Canadiens zone.
1:41 of 1st period - Neal Pionk is hit by Nate Schmidt.
1:46 of 1st period - Off-side.
1:47 of 1st period - Auston Matthews wins face-off versus Elias Pettersson in neutral zone.
1:50 of 1st period - Neal Pionk is hit by Teuvo Teravainen and loses puck.
3:38 of 1st period - Shot by Colin White.
3:38 of 1st period - Goal by Colin White - Islanders : 0 - Canadiens : 1.
3:39 of 1st period - Nick Shore wins face-off versus Isac Lundestrom in neutral zone.
3:42 of 1st period - Shot by Tyson Jost.
3:42 of 1st period - Deflect By Nick Shore.
3:42 of 1st period - Shot Misses the Net.
3:54 of 1st period - Shot by Sam Steel.
3:54 of 1st period - Shot Blocked by Josh Morrissey.
3:56 of 1st period - Shot by Tyler Myers.
3:56 of 1st period - Stopped by Tuukka Rask without a rebound.
3:57 of 1st period - David Krejci wins face-off versus Elias Pettersson in Canadiens zone.
4:06 of 1st period - Shot by Ilya Kovalchuk.
4:06 of 1st period - Shot Blocked by Travis Dermott.
4:11 of 1st period - Andrei Svechnikov is hit by Cam Fowler and loses puck.
4:16 of 1st period - Shot by Andrei Svechnikov.
4:16 of 1st period - Stopped by Tuukka Rask without a rebound.
4:17 of 1st period - Auston Matthews wins face-off versus Anthony Cirelli in Canadiens zone.
4:17 of 1st period - Auston Matthews is hit by Timo Meier.
4:30 of 1st period - Off-side.
4:31 of 1st period - David Krejci wins face-off versus Elias Pettersson in neutral zone.
4:45 of 1st period - Nate Schmidt is hit by Brad Marchand and loses puck.
4:49 of 1st period - Minor Penalty to Cam Fowler for Interference.
4:50 of 1st period - Nick Shore wins face-off versus Anthony Cirelli in Canadiens zone.
5:12 of 1st period - Icing by Anthony DeAngelo.
5:13 of 1st period - Anthony Cirelli wins face-off versus Nick Shore in Islanders zone.
5:51 of 1st period - Shot by Elias Pettersson.
5:51 of 1st period - Goal by Elias Pettersson - Islanders : 1 - Canadiens : 1.
5:52 of 1st period - Auston Matthews wins face-off versus Brad Marchand in neutral zone.
6:22 of 1st period - Icing by Nate Schmidt.
6:23 of 1st period - Isac Lundestrom wins face-off versus Patrick Kane in Canadiens zone.
6:32 of 1st period - Shot by Teuvo Teravainen.
6:32 of 1st period - Stopped by Mikko Koskinen without a rebound.
6:33 of 1st period - Anthony Cirelli wins face-off versus David Krejci in Islanders zone.
7:43 of 1st period - Shot by Brad Marchand.
7:43 of 1st period - Shot Misses the Net.
7:45 of 1st period - Shot by Anthony DeAngelo.
7:45 of 1st period - Shot Blocked by Josh Morrissey.
7:49 of 1st period - Shot by Brad Marchand.
7:49 of 1st period - Shot Blocked by Jakob Silfverberg.
7:54 of 1st period - Brad Marchand is hit by Ivan Provorov and loses puck.
8:37 of 1st period - Shot by Patrick Kane.
8:37 of 1st period - Stopped by Mikko Koskinen without a rebound.
8:38 of 1st period - Colin White wins face-off versus Isac Lundestrom in Islanders zone.
8:57 of 1st period - Shot by Sam Steel.
8:57 of 1st period - Stopped by Tuukka Rask without a rebound.
8:58 of 1st period - Auston Matthews wins face-off versus Anthony Cirelli in Canadiens zone.
9:07 of 1st period - Shot by Patrick Kane.
9:07 of 1st period - Stopped by Mikko Koskinen without a rebound.
9:08 of 1st period - Colin White wins face-off versus Elias Pettersson in Islanders zone.
9:20 of 1st period - Icing by Tyler Myers.
9:21 of 1st period - Auston Matthews wins face-off versus Elias Pettersson in Islanders zone.
9:22 of 1st period - Shot by Teuvo Teravainen.
9:22 of 1st period - Stopped by Mikko Koskinen without a rebound.
9:23 of 1st period - Auston Matthews wins face-off versus Anthony Cirelli in Islanders zone.
9:32 of 1st period - Shot by Teuvo Teravainen.
9:32 of 1st period - Stopped by Mikko Koskinen without a rebound.
9:33 of 1st period - Colin White wins face-off versus Elias Pettersson in Islanders zone.
9:47 of 1st period - Shot by Artturi Lehkonen.
9:47 of 1st period - Stopped by Mikko Koskinen with a rebound.
9:49 of 1st period - Shot by Ivan Provorov.
9:49 of 1st period - Deflect By Valeri Nichushkin.
9:49 of 1st period - Shot Misses the Net.
11:53 of 1st period - Shot by Richard Panik.
11:53 of 1st period - Shot Blocked by Nate Schmidt.
12:13 of 1st period - Shot by Isac Lundestrom.
12:13 of 1st period - Stopped by Tuukka Rask without a rebound.
12:14 of 1st period - David Krejci wins face-off versus Elias Pettersson in Canadiens zone.
12:43 of 1st period - Shot by Brad Marchand.
12:43 of 1st period - Shot Misses the Net.
13:27 of 1st period - Shot by Timo Meier.
13:27 of 1st period - Deflect By Anthony Cirelli.
13:27 of 1st period - Shot Blocked by Danny DeKeyser.
14:04 of 1st period - Colin White is hit by Travis Dermott and loses puck.
14:07 of 1st period - Shot by Artturi Lehkonen.
14:07 of 1st period - Shot Blocked by Dennis Cholowski.
14:11 of 1st period - Shot by Artturi Lehkonen.
14:11 of 1st period - Shot Misses the Net.
14:13 of 1st period - Shot by Ivan Provorov.
14:13 of 1st period - Stopped by Mikko Koskinen with a rebound.
14:23 of 1st period - Shot by Valeri Nichushkin.
14:23 of 1st period - Stopped by Mikko Koskinen with a rebound.
14:25 of 1st period - Shot by Josh Morrissey.
14:25 of 1st period - Goal by Josh Morrissey - Islanders : 1 - Canadiens : 2.
14:26 of 1st period - David Krejci wins face-off versus Isac Lundestrom in neutral zone.
14:29 of 1st period - Shot by Jakob Silfverberg.
14:29 of 1st period - Shot Misses the Net.
15:15 of 1st period - Icing by Josh Morrissey.
15:16 of 1st period - David Krejci wins face-off versus Anthony Cirelli in Canadiens zone.
15:16 of 1st period - Ivan Provorov is hit by Timo Meier and loses puck.
15:55 of 1st period - Shot by Colin White.
15:55 of 1st period - Stopped by Mikko Koskinen without a rebound.
15:56 of 1st period - Auston Matthews wins face-off versus Elias Pettersson in Islanders zone.
16:04 of 1st period - Minor Penalty to Anthony DeAngelo for Slashing.
16:05 of 1st period - Brad Marchand wins face-off versus Auston Matthews in Islanders zone.
16:18 of 1st period - Shot by Patrick Kane.
16:18 of 1st period - Stopped by Mikko Koskinen without a rebound.
16:19 of 1st period - Brad Marchand wins face-off versus Auston Matthews in Islanders zone.
16:30 of 1st period - Shot by Cam Fowler.
16:30 of 1st period - Stopped by Mikko Koskinen without a rebound.
16:31 of 1st period - David Krejci wins face-off versus Brad Marchand in Islanders zone.
16:38 of 1st period - Shot by Jakob Silfverberg.
16:38 of 1st period - Shot Misses the Net.
18:09 of 1st period - Off-side.
18:10 of 1st period - Colin White wins face-off versus Colton Sceviour in neutral zone.
19:19 of 1st period - Icing by Neal Pionk.
19:20 of 1st period - Auston Matthews wins face-off versus Elias Pettersson in Islanders zone.
19:29 of 1st period - Shot by Auston Matthews.
19:29 of 1st period - Stopped by Mikko Koskinen without a rebound.
19:30 of 1st period - Anthony Cirelli wins face-off versus David Krejci in Islanders zone.
19:30 of 1st period - Anthony Cirelli is hit by Ilya Kovalchuk.
19:51 of 1st period - Anthony Cirelli is hit by Josh Morrissey and loses puck.
19:52 of 1st period - Minor Penalty to Ivan Provorov for Roughing.
19:53 of 1st period - Nick Shore wins face-off versus Elias Pettersson in Canadiens zone.
Goals for this period are 1 for Islanders vs 2 for Canadiens.
Shots for this period are 6 for Islanders vs 16 for Canadiens.

2nd period


0:01 of 2nd period - Nick Shore wins face-off versus Elias Pettersson in neutral zone.
0:18 of 2nd period - Shot by Andrei Svechnikov.
0:18 of 2nd period - Stopped by Tuukka Rask without a rebound.
0:19 of 2nd period - Nick Shore wins face-off versus Timo Meier in Canadiens zone.
0:19 of 2nd period - Nick Shore is hit by Anthony Cirelli.
0:20 of 2nd period - Minor Penalty to Richard Panik for Roughing.
0:21 of 2nd period - Auston Matthews wins face-off versus Andrei Svechnikov in Islanders zone.
0:46 of 2nd period - Shot by Andrei Svechnikov.
0:46 of 2nd period - Stopped by Tuukka Rask without a rebound.
0:47 of 2nd period - Auston Matthews wins face-off versus Andrei Svechnikov in Canadiens zone.
1:02 of 2nd period - Shot by Auston Matthews.
1:02 of 2nd period - Shot Misses the Net.
1:16 of 2nd period - Shot by Teuvo Teravainen.
1:16 of 2nd period - Goal by Teuvo Teravainen - Islanders : 1 - Canadiens : 3.
1:17 of 2nd period - Anthony Cirelli wins face-off versus David Krejci in neutral zone.
2:30 of 2nd period - Tyson Jost is hit by Travis Dermott and loses puck.
3:27 of 2nd period - Josh Morrissey is hit by Tyler Myers and loses puck.
4:04 of 2nd period - Shot by Anthony Cirelli.
4:04 of 2nd period - Stopped by Tuukka Rask without a rebound.
4:05 of 2nd period - Colin White wins face-off versus Elias Pettersson in Canadiens zone.
4:27 of 2nd period - Shot by Andrei Svechnikov.
4:27 of 2nd period - Shot Blocked by Cam Fowler.
4:37 of 2nd period - Shot by Cam Fowler.
4:37 of 2nd period - Shot Misses the Net.
4:39 of 2nd period - Shot by Cam Fowler.
4:39 of 2nd period - Shot Misses the Net.
5:38 of 2nd period - Anthony Cirelli is hit by Tyson Jost and loses puck.
6:12 of 2nd period - Icing by Dennis Cholowski.
6:13 of 2nd period - Anthony Cirelli wins face-off versus Auston Matthews in Islanders zone.
6:45 of 2nd period - Icing by Cam Fowler.
6:46 of 2nd period - Auston Matthews wins face-off versus Elias Pettersson in Canadiens zone.
7:11 of 2nd period - Shot by Elias Pettersson.
7:11 of 2nd period - Shot Misses the Net.
7:52 of 2nd period - Icing by Karl Alzner.
7:53 of 2nd period - Isac Lundestrom wins face-off versus David Krejci in Canadiens zone.
7:53 of 2nd period - Sam Steel is hit by Karl Alzner and loses puck.
8:04 of 2nd period - Shot by Jakob Silfverberg.
8:04 of 2nd period - Shot Blocked by Austin Czarnik.
8:06 of 2nd period - Shot by Jakob Silfverberg.
8:06 of 2nd period - Stopped by Mikko Koskinen without a rebound.
8:07 of 2nd period - Richard Panik wins face-off versus Colin White in Islanders zone.
8:07 of 2nd period - Richard Panik is hit by Artturi Lehkonen.
8:18 of 2nd period - Minor Penalty to Colin White for Hooking.
8:19 of 2nd period - Nick Shore wins face-off versus Elias Pettersson in Canadiens zone.
8:19 of 2nd period - Nick Shore is hit by Brad Marchand.
8:32 of 2nd period - Off-side.
8:33 of 2nd period - Anthony Cirelli wins face-off versus Nick Shore in neutral zone.
9:24 of 2nd period - Icing by Tyler Myers.
9:25 of 2nd period - Richard Panik wins face-off versus Artturi Lehkonen in Islanders zone.
9:41 of 2nd period - Brad Marchand is hit by Karl Alzner and loses puck.
9:46 of 2nd period - Shot by Andrei Svechnikov.
9:46 of 2nd period - Shot Misses the Net.
9:48 of 2nd period - Shot by Neal Pionk.
9:48 of 2nd period - Stopped by Tuukka Rask without a rebound.
9:49 of 2nd period - Nick Shore wins face-off versus Elias Pettersson in Canadiens zone.
9:49 of 2nd period - Nick Shore is hit by Elias Pettersson.
10:29 of 2nd period - Shot by Austin Czarnik.
10:29 of 2nd period - Shot Misses the Net.
10:31 of 2nd period - Shot by Isac Lundestrom.
10:31 of 2nd period - Deflect By Sam Steel.
10:31 of 2nd period - Shot Misses the Net.
10:41 of 2nd period - Shot by Auston Matthews.
10:41 of 2nd period - Shot Misses the Net.
11:29 of 2nd period - Shot by Colton Sceviour.
11:29 of 2nd period - Shot Blocked by Danny DeKeyser.
11:31 of 2nd period - Shot by Tyler Myers.
11:31 of 2nd period - Stopped by Tuukka Rask with a rebound.
11:43 of 2nd period - Shot by Ilya Kovalchuk.
11:43 of 2nd period - Stopped by Mikko Koskinen without a rebound.
11:44 of 2nd period - Elias Pettersson wins face-off versus Artturi Lehkonen in Islanders zone.
11:59 of 2nd period - Cam Fowler is hit by Nick Holden and loses puck.
12:12 of 2nd period - Shot by Artturi Lehkonen.
12:12 of 2nd period - Shot Misses the Net.
12:19 of 2nd period - Colin White is hit by Anthony DeAngelo and loses puck.
12:47 of 2nd period - Tyson Jost is hit by Brad Marchand and loses puck.
12:54 of 2nd period - Shot by Ivan Provorov.
12:54 of 2nd period - Stopped by Mikko Koskinen without a rebound.
12:55 of 2nd period - David Krejci wins face-off versus Anthony Cirelli in Islanders zone.
13:14 of 2nd period - David Krejci is hit by Anthony Cirelli and loses puck.
13:31 of 2nd period - Shot by Anthony Cirelli.
13:31 of 2nd period - Stopped by Tuukka Rask without a rebound.
13:32 of 2nd period - Colton Sceviour wins face-off versus Auston Matthews in Canadiens zone.
13:35 of 2nd period - Shot by Jordan Greenway.
13:35 of 2nd period - Shot Misses the Net.
13:41 of 2nd period - Shot by Teuvo Teravainen.
13:41 of 2nd period - Deflect By Patrick Kane.
13:41 of 2nd period - Stopped by Mikko Koskinen without a rebound.
13:42 of 2nd period - Isac Lundestrom wins face-off versus Auston Matthews in Islanders zone.
14:03 of 2nd period - Shot by Patrick Kane.
14:03 of 2nd period - Stopped by Mikko Koskinen without a rebound.
14:04 of 2nd period - David Krejci wins face-off versus Anthony Cirelli in Islanders zone.
14:19 of 2nd period - Shot by Jakob Silfverberg.
14:19 of 2nd period - Shot Misses the Net.
14:29 of 2nd period - Shot by Ilya Kovalchuk.
14:29 of 2nd period - Stopped by Mikko Koskinen with a rebound.
14:31 of 2nd period - Shot by Ilya Kovalchuk.
14:31 of 2nd period - Shot Misses the Net.
14:33 of 2nd period - Shot by Ilya Kovalchuk.
14:33 of 2nd period - Stopped by Mikko Koskinen without a rebound.
14:34 of 2nd period - Auston Matthews wins face-off versus Brad Marchand in Islanders zone.
14:43 of 2nd period - Shot by Auston Matthews.
14:43 of 2nd period - Stopped by Mikko Koskinen without a rebound.
14:44 of 2nd period - Colin White wins face-off versus Colton Sceviour in Islanders zone.
14:46 of 2nd period - Valeri Nichushkin is hit by Nick Holden and loses puck.
14:57 of 2nd period - Colton Sceviour is hit by Colin White and loses puck.
15:04 of 2nd period - Shot by Valeri Nichushkin.
15:04 of 2nd period - Stopped by Mikko Koskinen without a rebound.
15:05 of 2nd period - Elias Pettersson wins face-off versus David Krejci in Islanders zone.
15:05 of 2nd period - Elias Pettersson is hit by David Krejci.
15:16 of 2nd period - Icing by Jakob Silfverberg.
15:17 of 2nd period - David Krejci wins face-off versus Anthony Cirelli in Canadiens zone.
15:17 of 2nd period - David Krejci is hit by Anthony Cirelli.
16:25 of 2nd period - Icing by Neal Pionk.
16:26 of 2nd period - Elias Pettersson wins face-off versus Auston Matthews in Islanders zone.
16:39 of 2nd period - Shot by Teuvo Teravainen.
16:39 of 2nd period - Deflect By Auston Matthews.
16:39 of 2nd period - Shot Blocked by Tyler Myers.
16:41 of 2nd period - Shot by Teuvo Teravainen.
16:41 of 2nd period - Deflect By Auston Matthews.
16:41 of 2nd period - Shot Blocked by Brad Marchand.
16:43 of 2nd period - Shot by Auston Matthews.
16:43 of 2nd period - Shot Hit the Post.
17:37 of 2nd period - Shot by Colin White.
17:37 of 2nd period - Stopped by Mikko Koskinen with a rebound.
18:54 of 2nd period - Tyson Jost is hit by Timo Meier.
19:33 of 2nd period - Off-side.
19:34 of 2nd period - Isac Lundestrom wins face-off versus David Krejci in neutral zone.
19:42 of 2nd period - Icing by Josh Morrissey.
19:43 of 2nd period - David Krejci wins face-off versus Elias Pettersson in Canadiens zone.
19:43 of 2nd period - Josh Morrissey is hit by Andrei Svechnikov and loses puck.
19:56 of 2nd period - Shot by Elias Pettersson.
19:56 of 2nd period - Deflect By Brad Marchand.
19:56 of 2nd period - Goal by Brad Marchand - Islanders : 2 - Canadiens : 3.
19:57 of 2nd period - Auston Matthews wins face-off versus Isac Lundestrom in neutral zone.
Goals for this period are 1 for Islanders vs 1 for Canadiens.
Shots for this period are 7 for Islanders vs 11 for Canadiens.

3rd period


0:01 of 3rd period - Elias Pettersson wins face-off versus David Krejci in neutral zone.
0:11 of 3rd period - Ivan Provorov is hit by Neal Pionk and loses puck.
0:14 of 3rd period - Shot by Jakob Silfverberg.
0:14 of 3rd period - Shot Misses the Net.
0:16 of 3rd period - Shot by Jakob Silfverberg.
0:16 of 3rd period - Stopped by Mikko Koskinen without a rebound.
0:17 of 3rd period - Anthony Cirelli wins face-off versus Auston Matthews in Islanders zone.
0:26 of 3rd period - Shot by Timo Meier.
0:26 of 3rd period - Stopped by Tuukka Rask without a rebound.
0:27 of 3rd period - David Krejci wins face-off versus Elias Pettersson in Canadiens zone.
1:12 of 3rd period - Josh Morrissey is hit by Brad Marchand and loses puck.
2:19 of 3rd period - Shot by Valeri Nichushkin.
2:19 of 3rd period - Shot Misses the Net.
2:25 of 3rd period - Shot by Valeri Nichushkin.
2:25 of 3rd period - Stopped by Mikko Koskinen without a rebound.
2:26 of 3rd period - Anthony Cirelli wins face-off versus Nick Shore in Islanders zone.
2:26 of 3rd period - Anthony Cirelli is hit by Nick Shore.
2:38 of 3rd period - Timo Meier is hit by Nick Shore and loses puck.
2:57 of 3rd period - Shot by Anthony DeAngelo.
2:57 of 3rd period - Stopped by Tuukka Rask without a rebound.
2:58 of 3rd period - David Krejci wins face-off versus Jordan Greenway in Canadiens zone.
2:58 of 3rd period - David Krejci is hit by Jordan Greenway.
3:01 of 3rd period - Icing by Jakob Silfverberg.
3:02 of 3rd period - David Krejci wins face-off versus Jordan Greenway in Canadiens zone.
3:59 of 3rd period - Icing by Blake Lizotte.
4:00 of 3rd period - Auston Matthews wins face-off versus Anthony Cirelli in Islanders zone.
4:25 of 3rd period - Shot by Teuvo Teravainen.
4:25 of 3rd period - Shot Misses the Net.
4:52 of 3rd period - Cam Fowler is hit by Travis Dermott and loses puck.
5:04 of 3rd period - Austin Czarnik is hit by Cam Fowler and loses puck.
5:17 of 3rd period - Shot by Austin Czarnik.
5:17 of 3rd period - Stopped by Tuukka Rask with a rebound.
5:19 of 3rd period - Shot by Dennis Cholowski.
5:19 of 3rd period - Stopped by Tuukka Rask without a rebound.
5:20 of 3rd period - Colton Sceviour wins face-off versus David Krejci in Canadiens zone.
5:50 of 3rd period - Ilya Kovalchuk is hit by Jordan Greenway and loses puck.
6:49 of 3rd period - Minor Penalty to Karl Alzner for High sticking.
6:50 of 3rd period - Nick Shore wins face-off versus Anthony Cirelli in Canadiens zone.
7:06 of 3rd period - Shot by Neal Pionk.
7:06 of 3rd period - Shot Misses the Net.
7:08 of 3rd period - Shot by Neal Pionk.
7:08 of 3rd period - Stopped by Tuukka Rask without a rebound.
7:09 of 3rd period - Nick Shore wins face-off versus Elias Pettersson in Canadiens zone.
7:09 of 3rd period - Nick Shore is hit by Andrei Svechnikov.
7:57 of 3rd period - Shot by Anthony DeAngelo.
7:57 of 3rd period - Shot Misses the Net.
7:59 of 3rd period - Shot by Timo Meier.
7:59 of 3rd period - Shot Blocked by Cam Fowler.
8:03 of 3rd period - Shot by Timo Meier.
8:03 of 3rd period - Shot Blocked by Cam Fowler.
8:05 of 3rd period - Shot by Anthony DeAngelo.
8:05 of 3rd period - Stopped by Tuukka Rask without a rebound.
8:06 of 3rd period - Artturi Lehkonen wins face-off versus Anthony Cirelli in Canadiens zone.
8:15 of 3rd period - Josh Morrissey is hit by Timo Meier and loses puck.
8:57 of 3rd period - Shot by Patrick Kane.
8:57 of 3rd period - Stopped by Mikko Koskinen without a rebound.
8:58 of 3rd period - Elias Pettersson wins face-off versus Auston Matthews in Islanders zone.
9:07 of 3rd period - Shot by Teuvo Teravainen.
9:07 of 3rd period - Shot Blocked by Travis Dermott.
9:15 of 3rd period - Shot by Teuvo Teravainen.
9:15 of 3rd period - Stopped by Mikko Koskinen without a rebound.
9:16 of 3rd period - Isac Lundestrom wins face-off versus David Krejci in Islanders zone.
9:37 of 3rd period - Shot by Isac Lundestrom.
9:37 of 3rd period - Shot Misses the Net.
10:25 of 3rd period - Shot by Elias Pettersson.
10:25 of 3rd period - Shot Misses the Net.
10:27 of 3rd period - Shot by Elias Pettersson.
10:27 of 3rd period - Deflect By Brad Marchand.
10:27 of 3rd period - Stopped by Tuukka Rask without a rebound.
10:28 of 3rd period - Anthony Cirelli wins face-off versus Colin White in Canadiens zone.
10:31 of 3rd period - Shot by Timo Meier.
10:31 of 3rd period - Stopped by Tuukka Rask without a rebound.
10:32 of 3rd period - Auston Matthews wins face-off versus Anthony Cirelli in Canadiens zone.
10:52 of 3rd period - Icing by Ivan Provorov.
10:53 of 3rd period - Elias Pettersson wins face-off versus Auston Matthews in Canadiens zone.
11:28 of 3rd period - Icing by Dennis Cholowski.
11:29 of 3rd period - David Krejci wins face-off versus Andrei Svechnikov in Islanders zone.
12:08 of 3rd period - Shot by Jakob Silfverberg.
12:08 of 3rd period - Stopped by Mikko Koskinen without a rebound.
12:09 of 3rd period - Anthony Cirelli wins face-off versus Colin White in Islanders zone.
12:30 of 3rd period - Shot by Colin White.
12:30 of 3rd period - Stopped by Mikko Koskinen without a rebound.
12:31 of 3rd period - Auston Matthews wins face-off versus Jordan Greenway in Islanders zone.
12:39 of 3rd period - Colton Sceviour is hit by Ivan Provorov and loses puck.
12:51 of 3rd period - Off-side.
12:52 of 3rd period - David Krejci wins face-off versus Anthony Cirelli in neutral zone.
13:01 of 3rd period - Shot by Timo Meier.
13:01 of 3rd period - Shot Misses the Net.
13:25 of 3rd period - Shot by Timo Meier.
13:25 of 3rd period - Deflect By Anthony Cirelli.
13:25 of 3rd period - Stopped by Tuukka Rask without a rebound.
13:26 of 3rd period - Auston Matthews wins face-off versus Elias Pettersson in Canadiens zone.
13:50 of 3rd period - Icing by Elias Pettersson.
13:51 of 3rd period - Colin White wins face-off versus Elias Pettersson in Islanders zone.
14:21 of 3rd period - Icing by Danny DeKeyser.
14:22 of 3rd period - Colin White wins face-off versus Anthony Cirelli in Canadiens zone.
14:35 of 3rd period - Shot by Timo Meier.
14:35 of 3rd period - Shot Misses the Net.
14:55 of 3rd period - Shot by Timo Meier.
14:55 of 3rd period - Shot Misses the Net.
15:14 of 3rd period - Shot by Richard Panik.
15:14 of 3rd period - Stopped by Tuukka Rask without a rebound.
15:15 of 3rd period - David Krejci wins face-off versus Isac Lundestrom in Canadiens zone.
15:15 of 3rd period - David Krejci is hit by Travis Dermott.
15:34 of 3rd period - Icing by Dennis Cholowski.
15:35 of 3rd period - Auston Matthews wins face-off versus Isac Lundestrom in Islanders zone.
15:39 of 3rd period - Major / Game Misconduct Penalty to Travis Dermott for Unsportsmanlike conduct.
15:39 of 3rd period - Travis Dermott is ejected from game.
15:40 of 3rd period - Auston Matthews wins face-off versus Elias Pettersson in Islanders zone.
17:00 of 3rd period - Shot by Cam Fowler.
17:00 of 3rd period - Stopped by Mikko Koskinen without a rebound.
17:01 of 3rd period - David Krejci wins face-off versus Elias Pettersson in Islanders zone.
17:23 of 3rd period - Shot by Jakob Silfverberg.
17:23 of 3rd period - Shot Misses the Net.
17:25 of 3rd period - Shot by Cam Fowler.
17:25 of 3rd period - Stopped by Mikko Koskinen without a rebound.
17:26 of 3rd period - Anthony Cirelli wins face-off versus Auston Matthews in Islanders zone.
17:37 of 3rd period - Shot by Patrick Kane.
17:37 of 3rd period - Shot Misses the Net.
18:08 of 3rd period - Icing by Nate Schmidt.
18:09 of 3rd period - David Krejci wins face-off versus Brad Marchand in Canadiens zone.
Goals for this period are 0 for Islanders vs 0 for Canadiens.
Shots for this period are 10 for Islanders vs 8 for Canadiens.